 Dungeon Crawl Stone Soup version 0.27.0-1-g7a089689b8 (webtiles) character file.

Game seed: 11281772881577631158

513 Naeght the Spear-Bearer (level 7, 0/55 HPs)
             Began as a Merfolk Gladiator on Aug 16, 2021.
             Slain by Crazy Yiuf (12 damage)
             ... on level 4 of the Dungeon.
             The game lasted 00:08:18 (5252 turns).

Naeght the Spear-Bearer (Merfolk Gladiator)         Turns: 5252, Time: 00:08:19

Health: 0/55       AC:  4    Str: 16    XL:     7   Next: 19%
Magic:  2/7        EV: 14    Int:  8    God:
Gold:   15         SH:  0    Dex: 15    Spells: 5/6 levels left

rFire    . . .     SeeInvis .   q - +0 halberd
rCold    . . .     Faith    .   (shield currently unavailable)
rNeg     . . .     Spirit   .   b - +0 leather armour
rPois    .         Reflect  .   c - +0 helmet
rElec    .         Harm     .   (no cloak)
rCorr    .         Rampage  .   (no gloves)
Will     +....                  (no boots)
Stlth    +.........             (no amulet)
HPRegen  0.18/turn              e - ring of willpower
MPRegen  0.10/turn              (no ring)

@: no status effects
A: (nimble swimmer 2), mertail
a: no special abilities


You were on level 4 of the Dungeon.
You visited 1 branch of the dungeon, and saw 4 of its levels.

You collected 167 gold pieces.
You spent 152 gold pieces at shops.

Inventory:

Hand Weapons
 a - a +0 trident
 q - a +0 halberd (weapon)
Missiles
 d - 3 throwing nets (quivered)
 n - 10 boomerangs
Armour
 b - a +0 leather armour (worn)
 c - a +0 helmet (worn)
Jewellery
 e - a ring of willpower (left hand)
 f - a ring of ice
 r - a +6 ring of strength
Wands
 v - a wand of polymorph (8)
Scrolls
 g - 3 scrolls of identify {unknown}
 h - a scroll of noise {unknown}
 o - 2 scrolls of fear
 s - a scroll of amnesia {unknown}
 u - a scroll of teleportation {unknown}
 w - a scroll of enchant weapon {unknown}
 x - a scroll of blinking {unknown}
Potions
 i - 2 potions of flight {unknown}
 j - a potion of resistance {unknown}
 k - 4 potions of curing {unknown}
 l - a potion of brilliance {unknown}
 m - 3 potions of lignification
 p - a potion of haste {unknown}
 t - 2 potions of heal wounds
 z - a potion of mutation {unknown}


   Skills:
 * Level 4.4 Fighting
 * Level 8.7 Polearms
 - Level 2.0 Throwing
 * Level 6.2 Dodging
 + Level 0.0 Spellcasting
 + Level 0.0 Hexes


You had 5 spell levels left.
You knew the following spells:

 Your Spells              Type           Power      Damage    Failure   Level
a - Corona                Hex            0%         N/A       47%         1

Your spell library contained the following spells:

 Spells                   Type           Power      Damage    Failure   Level
 Animate Skeleton         Necr           0%         N/A       47%         1
 Apportation              Tloc           0%         N/A       47%         1
 Sandblast                Erth           0%         2d4       47%         1
 Summon Small Mammal      Summ           0%         N/A       47%         1
 Gell's Gravitas          Tloc           0%         N/A       85%         3
 Ozocubu's Armour         Ice            0%         N/A       85%         3
 Teleport Other           Tloc           0%         N/A       85%         3
 Hailstorm                Conj/Ice       0%         3d3       99%         4
 Dispersal                Tloc           0%         N/A       100%        6
 Iron Shot                Conj/Erth      0%         9d1       100%        6


Dungeon Overview and Level Annotations

Branches:
Dungeon (4/15)
 Temple: D:4-7

Altars:
Dithmenos
Makhleb
Wu Jian

Shops:
D:1 [   D:3 ![**   D:4 (

Annotations:
D:4 Crazy Yiuf


Innate Abilities, Weirdness & Mutations

((You are quick and stealthy near water. (Stealth+, EV+, Speed+++)))
Your lower body shifts to a powerful aquatic tail in water.


Message History

You finish memorising.
Spell assigned to 'a'.
Okay, then.
You see here a hobgoblin corpse.
You see here a hobgoblin corpse.
There is a stone staircase leading up here.
You see here 14 arrows.
Crazy Yiuf shouts!
Crazy Yiuf says, "Aardvark senile eyeball!"
Could not explore, unopened runed door.
Could not explore, unopened runed door.
Failed to move towards target.
Failed to move towards target.
Failed to move towards target.
Failed to move towards target.
Failed to move towards target.
Press: ? - help, v - describe, . - travel The floor.
You open the door. You slash Crazy Yiuf!
Crazy Yiuf is heavily wounded.
Crazy Yiuf hits you with a +2 quarterstaff of chaos!
Crazy Yiuf freezes you.
You hit Crazy Yiuf.
Crazy Yiuf is severely wounded.
Crazy Yiuf hits you with a +2 quarterstaff of chaos!
You feel your power leaking away.
You hit Crazy Yiuf but do no damage.
Crazy Yiuf is severely wounded.
Crazy Yiuf closely misses you.
You closely miss Crazy Yiuf.
Crazy Yiuf is severely wounded.
Crazy Yiuf closely misses you.
You hit Crazy Yiuf.
Crazy Yiuf is almost dead.
Crazy Yiuf hits you with a +2 quarterstaff of chaos!
Crazy Yiuf freezes you.
Crazy Yiuf hits you with a +2 quarterstaff of chaos!
* * * LOW HITPOINT WARNING * * *
Space warps horribly around you!
You die...

#.# #.# #.#..... #.# #.# #...####
#.# #.# ##.## #.# ### #.# #.#
##.## #.# ######## #...# #.#
##.#).#.### ### #...# #.#
##......#..##...# ###...#### #.#
#....).####@g...# #........# #.#
#...#.## ###..)# #......... #.#
#.##### ### #........# #.# #.#
###...#### #.# #.## #.........
#.# #..################.#......#
#.####.###.##............##..##.#
#..(...# #....#.#....######..##.#
######.###.####.##.#.# #..##.#


You could see Crazy Yiuf.

Vanquished Creatures
  A necrophage (D:4)
  An ogre (D:4)
  2 hounds (D:4)
  2 jellies (D:4)
  An iguana (D:4)
  A killer bee zombie (D:3)
  3 gnolls
  5 adders
  A worm (D:3)
  5 dart slugs
  6 orcs (D:3)
  10 endoplasms
  4 giant cockroaches
  8 hobgoblins
  3 jackals (D:1)
  4 quokkas
  13 ball pythons
  2 bats
  2 frilled lizards (D:3)
  5 goblins
  6 kobolds
  5 rats
90 creatures vanquished.

Vanquished Creatures (others)
  12 plants (D:3)
12 creatures vanquished.

Grand Total: 102 creatures vanquished

Notes
Turn   | Place    | Note
-------+----------+-------------------------------------------
     0 | D:1      | Naeght the Merfolk Gladiator began the quest for the Orb.
     0 | D:1      | Reached XP level 1. HP: 16/16 MP: 1/1
   189 | D:1      | Found Suyco Voub's Antique Armour Shoppe.
   200 | D:1      | Reached XP level 2. HP: 14/23 MP: 2/2
   424 | D:1      | Reached skill level 5 in Polearms
   505 | D:1      | Reached XP level 3. HP: 22/28 MP: 3/3
  1273 | D:2      | Reached XP level 4. HP: 34/34 MP: 4/4
  1333 | D:2      | Reached skill level 6 in Polearms
  1988 | D:2      | Reached skill level 5 in Dodging
  2569 | D:3      | Reached XP level 5. HP: 14/41 MP: 5/5
  3395 | D:3      | Found Saprimpo's General Store.
  3399 | D:3      | Bought a scroll of fear for 35 gold pieces
  3543 | D:3      | Found Kingaar's Distillery.
  3546 | D:3      | Bought a potion of degeneration for 13 gold pieces
  3546 | D:3      | Bought a potion of heal wounds for 65 gold pieces
  3546 | D:3      | Bought a potion of lignification for 39 gold pieces
  3582 | D:3      | Found Dasmuucu's Antique Armour Shoppe.
  3589 | D:3      | Got the Collected Works on Congealing Earth
  3763 | D:3      | Found Vonaufau's Assorted Antiques.
  3793 | D:3      | Reached skill level 7 in Polearms
  4107 | D:4      | Found a runed translucent door.
  4108 | D:4      | Noticed Crazy Yiuf
  4259 | D:4      | Found Vor Zoext's Weapon Shoppe.
  4288 | D:4      | Reached XP level 6. HP: 47/48 MP: 6/6
  4317 | D:4      | Noticed a necrophage
  4326 | D:4      | Killed a necrophage
  4592 | D:4      | Found an ornate altar of the Wu Jian Council.
  4595 | D:4      | Reached skill level 8 in Polearms
  4770 | D:4      | Reached XP level 7. HP: 41/55 MP: 7/7
  4982 | D:4      | Found a shadowy altar of Dithmenos.
  4987 | D:4      | Found a burning altar of Makhleb.
  5041 | D:4      | Identified the +0 ring mail "Biraclai" {rElec}
  5173 | D:4      | Learned a level 1 spell: Corona
  5252 | D:4      | Slain by Crazy Yiuf

Illustrated notes

Levels and vault maps discovered:
D:1:      mushboom_english_gardens, layout_rooms, serial_shops, shop
D:2:      layout_loops_ring, minivault_25
D:3:      layout_loops_ring, serial_bayou, serial_bayou_shore_b,
          serial_bayou_pond_d, serial_bayou_pond_c, serial_bayou_ford_a,
          serial_shops, shop, nicolae_shop_behind_doors, shop_statue, shop
D:4:      layout_loops_ring, mainiacjoe_overflow_paths,
          mainiacjoe_overflow_big_doors, serial_shops, nicolae_stop_n_shop_2,
          uniq_crazy_yiuf_cottage

Skill      XL: |  1  2  3  4  5  6 |
---------------+-------------------+-----
Polearms       | 5 6 7 8 |  8.7
Fighting       | 3 4 |  4.4
Dodging        | 5 6 |  6.2
Throwing       | |  2.0

Action                   |  1- 3 |  4- 6 |  7- 9 || total
-------------------------+-------+-------+-------++-------
Melee: Trident           |   119 |    54 |       ||   173
       Halberd           |       |   110 |    10 ||   120
 Stab: Sleeping          |       |     1 |     1 ||     2
Armor: Leather armour    |    29 |    28 |       ||    57
Dodge: Dodged            |    87 |   114 |     4 ||   205
